 Dungeon Crawl Stone Soup version 0.31-a0-435-g2c6fae2916 (webtiles) character file.

Game seed: 17538391258667879003

6878 floatRand the Cleaver (level 11, -5/83 HPs)
             Began as a Formicid Fighter on Aug 1, 2023.
             Was a Follower of Qazlal.
             Slain by a black mamba (11 damage)
             ... on level 1 of the Lair of Beasts.
             The game lasted 00:12:25 (9093 turns).

floatRand the Cleaver (Formicid Fighter)            Turns: 9093, Time: 00:12:26

Health: -5/83      AC: 11    Str: 25    XL:     11   Next: 26%
Magic:  17/17      EV:  9    Int: 20    God:    Qazlal [*.....]
Gold:   286        SH:  7    Dex: 13    Spells: 10/10 levels left

rFire   . . .        a - +0 war axe (heavy)
rCold   + . .        c - +0 buckler
rNeg    . . .        x - +2 scale mail of Greed {Rampage rC+}
rPois   .            (helmet unavailable)
rElec   .            (no cloak)
rCorr   .            D - +1 pair of gloves
SInv    +            (no boots)
Will    +....        C - amulet of faith Stlth
                     h - +6 ring of intelligence
HPRegen 0.33/turn    n - +6 ring of intelligence
MPRegen 0.15/turn

%: rampage, faith
@: no status effects
A: permanent stasis, dig shafts and tunnels, antennae 3, four strong arms
a: Dig, Shaft Self, Renounce Religion


You were on level 1 of the Lair of Beasts.
You worshipped Qazlal.
Qazlal was aware of your devotion.
You visited 3 branches of the dungeon, and saw 13 of its levels.
You visited the Abyss 1 time.

You collected 484 gold pieces.
You spent 198 gold pieces at shops.

Inventory:

Hand Weapons
 a - a +0 heavy war axe (weapon)
Armour
 c - a +0 buckler (worn)
 x - the +2 scale mail of Greed (worn) {Rampage rC+}
   (You bought it in a shop on level 6 of the Dungeon)

   rC:        It protects you from cold.
   Rampage:   It bestows one free step when moving towards enemies.
 D - a +1 pair of gloves (worn)
Jewellery
 h - a +6 ring of intelligence (left hand)
 m - an amulet of reflection
 n - a +6 ring of intelligence (right hand)
 C - an amulet of faith (around neck)
Wands
 e - a wand of flame (57)
 f - a wand of polymorph (13)
 q - a wand of quicksilver (3)
 u - a wand of roots (7)
 G - a wand of paralysis (2)
Scrolls
 i - 2 scrolls of immolation
 l - a scroll of identify
 p - 3 scrolls of amnesia
 s - 2 scrolls of summoning
 v - 2 scrolls of silence
 y - a scroll of vulnerability
 F - a scroll of brand weapon
Potions
 b - 2 potions of curing
 d - a potion of might
 g - 2 potions of heal wounds
 j - a potion of cancellation
 k - 3 potions of brilliance
 o - a potion of attraction
 w - a potion of mutation {unknown}
 z - a potion of lignification {unknown}
 A - a potion of enlightenment {unknown}


   Skills:
 + Level 6.8 Fighting
 + Level 13.7 Axes
 - Level 3.2 Armour
 - Level 4.0 Shields
 * Level 9.0 Invocations


You had 10 spell levels left.
You didn't know any spells.
Your spell library contained the following spells:

 Spells                   Type           Power      Damage    Failure   Level
 Foxfire                  Conj/Fire      0%         2x1d4     47%         1
 Magic Dart               Conj           0%         1d3       47%         1
 Searing Ray              Conj           0%         2d4       63%         2
 Static Discharge         Conj/Air       0%         2-2/arc   63%         2
 Hailstorm                Conj/Ice       0%         3d3       85%         3
 Ignite Poison            Fire/Tmut/Pois 0%         N/A       85%         3
 Airstrike                Air            0%         2d(0-16)  99%         4
 Fulminant Prism          Conj/Hex       0%         3d5       99%         4
 Sticky Flame             Conj/Fire      0%         2d3       99%         4
 Summon Ice Beast         Ice/Summ       0%         N/A       99%         4
 Summon Lightning Spire   Summ/Air       0%         N/A       99%         4
 Arcjolt                  Conj/Air       0%         1d10      100%        5
 Plasma Beam              Fire/Air       0%         2x1d10    100%        6
 Simulacrum               Ice/Necr       0%         N/A       100%        6
 Starburst                Conj/Fire      0%         6d3       100%        6
 Ignition                 Fire           0%         3d3       100%        8
 Maxwell's Capacitive Co  Air            0%         ∞         100%        8
 Vhi's Electric Charge    Tloc/Air       Unusable   N/A       N/A         3

Dungeon Overview and Level Annotations

Branches:
Dungeon (11/15)            Temple (1/1) D:7            Lair (1/5) D:10
    Orc: D:9-12

Altars:
Ashenzari
Cheibriados
Dithmenos
Elyvilon
Fedhas
Gozag
Hepliaklqana
Makhleb
Nemelex Xobeh
Okawaru
Qazlal
Ru
Sif Muna
Trog
Uskayaw
Vehumet
Wu Jian
Xom
Yredelemnul
Zin
The Shining One

Shops:
D:5 [   D:6 *[([:

Annotations:
D:9 Erolcha
D:10 2 transporters, Chingon's ghost, journeyman DjIE


Innate Abilities, Weirdness & Mutations

You cannot be hasted, slowed, berserked, paralysed or teleported.
You can dig through walls and to a lower floor.
You have a pair of large antennae on your head. (SInv)
Your four strong arms can wield two-handed weapons with a shield.


Message History

You slash the black mamba!
The black mamba is moderately wounded.
You hit the bullfrog. You block the black mamba's attack.
The bullfrog barely misses you. You block the black mamba's attack.
The bullfrog hits you. The black mamba bites you.
You are poisoned.
The black mamba poisons you!
You slice the bullfrog!!
You kill the bullfrog!
Qazlal accepts your kill.
You slash the black mamba!
You feel very sick. The black mamba bites you.
* * * LOW HITPOINT WARNING * * *
The black mamba bites you but does no damage.
You closely miss the black mamba.
The black mamba is severely wounded.
You feel very sick.
The bullfrog gives a loud, deep croak!
You block the black mamba's attack. The black mamba bites you.
* * * LOW HITPOINT WARNING * * *
Unknown command.
You feel better. The black mamba bites you!
* * * LOW HITPOINT WARNING * * *
A yak comes into view.
The black mamba bites you.
* * * LOW HITPOINT WARNING * * *
You are lethally poisoned!
The black mamba poisons you!
Unknown command.
You feel better.
The yak bellows!
The black mamba bites you.
* * * LOW HITPOINT WARNING * * *
The yak closely misses you.
Unknown command.
You closely miss the black mamba.
The black mamba is severely wounded.
You barely miss the yak. The black mamba bites you!
You die...

F........ ........$.
..Y....... #........##
#.........# ##
#.........# ..##
#...F.††# ...# #..SY.#
...# ####...@.## ...#
#........P# #..#
#.........#
#..#######(........#
#.......#...........#
........##.........#..
.................#.....
.......................
......................


You could see a black mamba, 2 yaks and a bullfrog.

Vanquished Creatures
  A two-headed ogre (D:10)
  A komodo dragon (Lair:1)
  A kobold demonologist (D:10)
  2 trolls
  Grinder (D:4)
  Prince Ribbit (D:6)
  A wraith (D:10)
  A ynoxinul (D:8)
  A wyvern (D:7)
  2 yaks (D:10)
  2 acid dragons (D:10)
  Edmund (D:5)
  4 water moccasins
  A sky beast (D:8)
  A small abomination (Abyss:2)
  Duvessa (D:5)
  A black bear (D:4)
  2 orc warriors
  3 centaurs
  5 wolves (Lair:1)
  Blork the orc (D:4)
  2 kobold brigands
  5 bullfrogs
  5 scorpions
  6 wights
  Dowan (D:5)
  An electric eel (D:6)
  A jelly (D:8)
  5 hounds
  6 orc priests
  A gnoll bouda (D:6)
  A sleepcap (D:6)
  Jessica (D:3)
  Ijyb (D:5)
  An iguana (D:6)
  Natasha (thrice) (D:3)
  8 orc wizards
  Robin (D:2)
  9 gnolls
  11 adders
  2 shadow imps
  A white imp (D:7)
  2 worms
  3 dart slugs
  23 orcs
  4 bats
  5 endoplasms
  6 giant cockroaches
  13 goblins
  4 hobgoblins
  3 jackals (D:2)
  3 quokkas
  9 ball pythons
  2 frilled lizards (D:1)
  17 kobolds
  5 rats
  A spectral hobgoblin (D:3)
206 creatures vanquished.

Notes
Turn   | Place    | Note
-------+----------+-------------------------------------------
     0 | D:1      | floatRand the Formicid Fighter began the quest for the Orb.
     0 | D:1      | Reached XP level 1. HP: 18/18 MP: 1/1
   228 | D:1      | Reached XP level 2. HP: 18/24 MP: 2/2
   384 | D:1      | Reached skill level 3 in Axes
   668 | D:2      | Noticed Robin
   766 | D:2      | Reached XP level 3. HP: 18/29 MP: 3/3
   818 | D:2      | Killed Robin
   963 | D:2      | Reached skill level 4 in Axes
   963 | D:2      | Reached XP level 4. HP: 28/35 MP: 4/4
  1927 | D:3      | Noticed Jessica
  1929 | D:3      | Killed Jessica
  1930 | D:3      | Reached skill level 5 in Axes
  1930 | D:3      | Reached XP level 5. HP: 40/41 MP: 5/5
  1964 | D:3      | Found a faded altar of an unknown god.
  1999 | D:3      | Noticed Natasha
  2013 | D:3      | Killed Natasha
  2091 | D:3      | Reached XP level 6. HP: 47/47 MP: 6/6
  2216 | D:3      | Found an opulent altar of Gozag.
  2233 | D:3      | Reached skill level 6 in Axes
  2252 | D:3      | Noticed Natasha
  2256 | D:3      | Killed Natasha
  2358 | D:3      | Noticed Natasha
  2367 | D:3      | Killed Natasha
  2674 | D:4      | Reached XP level 7. HP: 52/52 MP: 7/7
  2677 | D:4      | Reached skill level 7 in Axes
  2810 | D:4      | Noticed Grinder
  2820 | D:4      | Reached skill level 8 in Axes
  2823 | D:4      | Killed Grinder
  2824 | D:4      | Reached XP level 8. HP: 41/58 MP: 8/8
  2903 | D:4      | Found a glowing golden altar of the Shining One.
  2905 | D:4      | Found a glowing silver altar of Zin.
  2907 | D:4      | Found a radiant altar of Vehumet.
  2922 | D:4      | Found a white marble altar of Elyvilon.
  2960 | D:4      | Noticed Blork the orc
  2963 | D:4      | Killed Blork the orc
  2964 | D:4      | Reached skill level 9 in Axes
  3151 | D:5      | Entered Level 5 of the Dungeon
  3372 | D:5      | Noticed Ijyb
  3388 | D:5      | Killed Ijyb
  3473 | D:5      | Noticed Edmund
  3484 | D:5      | Killed Edmund
  3562 | D:5      | Found a hide-covered altar of Uskayaw.
  3572 | D:5      | Noticed Dowan
  3576 | D:5      | Killed Dowan
  3576 | D:5      | Noticed Duvessa
  3582 | D:5      | Killed Duvessa
  3583 | D:5      | Reached skill level 10 in Axes
  3847 | D:5      | Found Siegfried's Dragon-Slaying Spoils.
  4403 | D:6      | Reached XP level 9. HP: 60/64 MP: 9/9
  4485 | D:6      | Reached skill level 11 in Axes
  4772 | D:6      | Found Moreal's Book Boutique.
  4774 | D:6      | Found Nihesaamme's Antique Weapon Shop.
  4778 | D:6      | Noticed Prince Ribbit
  4781 | D:6      | Found Lycics's Antique Armour Shoppe.
  4814 | D:6      | Killed Prince Ribbit
  4964 | D:6      | Found Ycosicot's General Store.
  4964 | D:6      | Found Fiaff's Antique Armour Emporium.
  4994 | D:6      | Bought a bloodstained scale mail for 198 gold pieces
  4994 | D:6      | Identified the +2 scale mail of Greed {Rampage rC+} (You
                  | bought it in a shop on level 6 of the Dungeon)
  5381 | D:7      | Identified the +4 chain mail of the Orb {Int+2 Dex+4}
  5409 | D:7      | Found a burning altar of Makhleb.
  5601 | D:7      | Reached skill level 12 in Axes
  5876 | D:7      | Found an iron altar of Okawaru.
  6063 | D:7      | Found a staircase to the Ecumenical Temple.
  6226 | Temple   | Entered the Ecumenical Temple
  6235 | Temple   | Became a worshipper of Qazlal Stormbringer
  6294 | D:8      | Reached skill level 1 in Invocations
  6299 | D:8      | Reached XP level 10. HP: 55/70 MP: 9/11
  6804 | D:8      | Found a shimmering blue altar of Sif Muna.
  6814 | D:8      | Reached skill level 13 in Axes
  7127 | D:8      | Found a bloodstained altar of Trog.
  7234 | D:8      | Reached skill level 5 in Invocations
  7395 | D:9      | Found a snail-covered altar of Cheibriados.
  7460 | D:9      | Identified the +1 helmet of Benevolence {rF+}
  7465 | D:9      | Noticed Erolcha
  7467 | Abyss:2  | Cast into level 2 of the Abyss (Erolcha)
  7468 | Abyss:2  | Found a corrupted altar of Lugonu.
  7470 | Abyss:2  | Noticed a dread lich
  7480 | Abyss:2  | Found a corrupted altar of Lugonu.
  7511 | D:9      | Escaped the Abyss
  7514 | D:9      | You fall into a shaft and drop 1 floor!
  7514 | D:10     | Entered Level 10 of the Dungeon
  7514 | D:10     | Found a transporter.
  7776 | D:10     | Found a bloodstained altar of Trog.
  7776 | D:10     | Noticed a two-headed ogre
  7776 | D:10     | Noticed a moth of wrath
  7776 | D:10     | Noticed Chingon's ghost (journeyman DjIE)
  7795 | D:10     | Reached skill level 5 in Fighting
  7803 | D:10     | Reached * piety under Qazlal
  7985 | D:10     | Found an ornate altar of the Wu Jian Council.
  8024 | D:10     | Noticed a two-headed ogre
  8030 | D:10     | Killed a two-headed ogre
  8274 | D:10     | Noticed a tengu warrior
  8326 | D:10     | Found a transporter.
  8326 | D:10     | Noticed a two-headed ogre
  8601 | D:10     | Reached XP level 11. HP: 75/81 MP: 16/16
  8830 | D:10     | Found a staircase to the Lair.
  8908 | D:11     | Noticed a cyan ugly thing
  8949 | Lair:1   | Entered Level 1 of the Lair of Beasts
  9091 | Lair:1   | HP: 4/83 [black mamba (5)]
  9093 | Lair:1   | Slain by a black mamba

Illustrated notes

Levels and vault maps discovered:
D:1:      scummos_arrival_simple_crosswalls, layout_loops_ring
D:2:      layout_basic, serial_curves, eino_curves_04, eino_curves_01,
          uniq_robin
D:3:      layout_basic, mainiacjoe_overflow_24_doors,
          dreamdust_ecumenical_altar_drowned_temple, glass_columns_a,
          uniq_natasha, uniq_jessica
D:4:      layout_rooms, nicolae_overflow_quartered_altars, uniq_blork_the_orc,
          uniq_grinder
D:5:      layout_rooms, nicolae_uskayaw_murder_on_the_dancefloor,
          chequers_serial_rivers_micro_c, amcnicky_mini_pool_small,
          nicolae_shop_dragon_depot, uniq_duvessa, uniq_ijyb, uniq_edmund
D:6:      layout_basic, minmay_misc_feat_plants,
          nicolae_shop_national_dungeon_mall, uniq_prince_ribbit1
D:7:      layout_rooms, mainiacjoe_overflow_concentric_impassable,
          lemuel_crystal_altar, minmay_temple_entry_butterflies
D:8:      layout_basic, nzn_overflow_gifts_of_might_and_magic,
          roderic_three_in_a_row
D:9:      layout_rooms, mainiacjoe_overflow_catwalk,
          mainiacjoe_overflow_tiny_flanked, serial_shops, kennysheep_little_box,
          uniq_erolcha
D:10:     layout_irregular_city, mainiacjoe_overflow_boulevard,
          grunt_lair_entry_orc_guard_hut, gammafunk_ghost_wrathful_warriors,
          grunt_ministairs_9
D:11:     minmay_mutant_horseshoe, layout_basic, minmay_unpleasant_kobolds
Temple:   nicolae_temple_bog_church
Lair:1:   layout_hall_layers, gauntlet_entry_generic, serial_bayou_pond_b,
          minivault_24, chequers_serial_rivers_large_a

Skill      XL: |  1  2  3  4  5  6  7  8  9 10 11 |
---------------+----------------------------------+-----
Axes           | 3 4 5 6 8 10 12 13 | 13.7
Invocations    | 2 7 9 |  9.0
Fighting       | 6 |  6.8
Armour         | |  3.2
Shields        | |  4.0

Action                     |  1- 3 |  4- 6 |  7- 9 | 10-12 || total
---------------------------+-------+-------+-------+-------++-------
  Melee: War axe           |   101 |   107 |   193 |   123 ||   524
Ability: Dig               |     2 |       |       |       ||     2
         Shaft Self        |       |       |       |     1 ||     1
  Evoke: Wand              |       |       |     1 |     3 ||     4
    Use: Scroll            |       |     5 |     4 |     9 ||    18
         Potion            |       |       |       |     5 ||     5
   Stab: Distracted        |     1 |       |       |       ||     1
         Paralysed         |       |       |       |     2 ||     2
 Armour: Ring mail         |    46 |    10 |       |       ||    56
         Scale mail        |     2 |    50 |    86 |    80 ||   218
         Skin              |       |     9 |       |       ||     9
  Dodge: Dodged            |    50 |    65 |    88 |    75 ||   278
  Block: Buckler           |    22 |    17 |   120 |    69 ||   228
         Reflection        |       |       |     6 |     2 ||     8

Table legend: (Time is in decaauts)
 A = Elapsed time spent in this place.
 B = Non-inter-level travel time spent in this place.
 C = Inter-level travel time spent in this place.
 D = Time resting spent in this place.
 E = Time spent auto-exploring this place.
 F = Levels seen in this place.
 G = Mean time per level.
                   A        B        C        D        E       F      G
               +--------+--------+--------+--------+--------+-----+--------+
         Total |   9341 |   9027 |    314 |   2087 |   4684 |  14 |  667.2 |
       Dungeon |   9127 |   8823 |    304 |   2032 |   4684 |  11 |  829.7 |
        Temple |     18 |      9 |      9 |      0 |      0 |   1 |   18.0 |
          Lair |    150 |    150 |      0 |     55 |      0 |   1 |  150.0 |
         Abyss |     44 |     44 |      0 |      0 |      0 |   1 |   44.0 |
               +--------+--------+--------+--------+--------+-----+--------+

Top non-repeatable levels by time:
    D:10: 1439 daAuts
     D:6: 1400 daAuts
     D:2: 1238 daAuts
     D:8: 1043 daAuts
     D:7: 900 daAuts
     D:3: 789 daAuts
     D:5: 755 daAuts
     D:1: 734 daAuts
     D:4: 653 daAuts
     D:9: 161 daAuts
  Lair:1: 150 daAuts
 Abyss:2: 44 daAuts
  Temple: 18 daAuts
    D:11: 11 daAuts
